 Dungeon Sprint DCSS version 0.24-a0-250-g6074511092 (webtiles) character file.

Game seed: 2105111075309186683

20493 Redear the Demonic Aeon (level 12, -5/105 HPs)
             Began as a Demonspawn Fighter on Apr 15, 2019.
             Was the Champion of Cheibriados.
             Slain by a bone dragon (7 damage)
             ... in the Dungeon (Sprint III: "The Ten Rune Challenge").
             The game lasted 00:17:38 (4308 turns).

Redear the Demonic Aeon (Demonspawn Fighter)        Turns: 4308, Time: 00:17:39

Health: -5/105     AC:  8    Str: 44    XL:     12   Next: 45%
Magic:  19/23      EV: 29    Int: 28    God:    Cheibriados [******]
Gold:   11804      SH: 18    Dex: 33    Spells: 3/11 levels left

rFire    . . .     SeeInvis .     - Unarmed
rCold    . . .     Gourm    .   b - +0 shield
rNeg     . . .     Faith    .   p - +1 leather armour of the Trees {-Tele Str+4} (curse)
rPois    +         Spirit   .   (no helmet)
rElec    .         Reflect  .   d - +0 cloak {+Inv}
rCorr    .         Harm     .   f - +2 pair of gloves {Str+3} {Str+3}
MR       +....     NoTele   +   (no boots)
Stlth    +++.......             (no amulet)
HPRegen  0.27/turn              (no ring)
MPRegen  0.18/turn              (no ring)

@: mighty, flying, starving, very slow
A: claws 1, thin skeletal structure 2, deformed body, magic resistance 1, poison
resistance, powered by pain 1, spiny 2
a: Bend Time, Temporal Distortion, Slouch, Step From Time, Renounce Religion,
Evoke Invisibility


You were in the Dungeon.
You worshipped Cheibriados.
Cheibriados was exalted by your worship.
You were starving.

You visited 1 branch You collected 14031 gold pieces.
You spent 2227 gold pieces at shops.

Inventory:

Hand Weapons
 e - a +2 spear of venom
Missiles
 Z - a throwing net (quivered) {+f}
Armour
 a - a +0 scale mail
 b - a +0 shield (worn)
 d - a +0 cloak of invisibility (worn)
 f - a +2 pair of gloves of strength (worn) {Str+3}
 i - the +8 plate armour of Gozag's Favour {rPois rF- MR++}
   (You bought it in a shop in the Dungeon)

   It makes you vulnerable to fire.
   It protects you from poison.
   It affects your resistance to hostile enchantments.
 o - the +10 large shield of Ignorance {rN+ Int-4}
   (You bought it in a shop in the Dungeon)

   It affects your intelligence (-4).
   It protects you from negative energy.
 p - the cursed +1 leather armour of the Trees (worn) {-Tele Str+4}
   (You found it in the Dungeon)

   It affects your strength (+4).
   It prevents most forms of teleportation.
   It has a curse placed upon it.
Jewellery
 c - an uncursed ring of protection from magic {unknown}
Scrolls
 j - a scroll of torment {unknown}
 k - 3 scrolls of identify {unknown}
 m - a scroll of remove curse {unknown}
 n - a scroll of immolation {unknown}
 B - a scroll of blinking {@r4}
Potions
 g - 2 potions of mutation {!q}
 h - 2 potions of magic
 l - a potion of flight
 H - a potion of haste {@q5}
 Q - a potion of curing {@q2}
Comestibles
 z - 5 rations


   Skills:
 - Level 13.0 Fighting
 - Level 10.0 Armour
 + Level 13.6 Dodging
 + Level 13.8 Shields
 + Level 13.7 Unarmed Combat
 + Level 14.7 Invocations


You had 3 spell levels left.
You knew the following spells:

 Your Spells              Type           Power        Failure   Level  Hunger
d - Blink                 Tloc           N/A          21%         2    ###....
j - Conjure Flame         Conj/Fire      #.......     38%         3    ####...
m - Mephitic Cloud        Conj/Pois/Air  #.......     38%         3    ####...

Your spell library contained the following spells:

 Spells                   Type           Power        Failure   Level  Hunger
 Confusing Touch          Hex            #.....       14%         1    ##.....
 Magic Dart               Conj           #...         14%         1    ##.....
 Call Imp                 Summ           #.......     21%         2    ###....
 Slow                     Hex            #.......     21%         2    ###....
 Confuse                  Hex            #.......     38%         3    ####...
 Gell's Gravitas          Tloc           #.........   38%         3    ####...
 Petrify                  Tmut/Erth      #.......     80%         4    #####..
 Metabolic Englaciation   Hex/Ice        #.........   98%         5    ######.
 Yara's Violent Unravell  Hex/Tmut       #.........   98%         5    ######.


Dungeon Overview and Level Annotations

Branches:
Dungeon (1/1)

Altars:
Cheibriados
Dithmenos
Elyvilon
Fedhas
Gozag
Hepliaklqana
Kikubaaqudgha
Makhleb
Nemelex Xobeh
Okawaru
Qazlal
Ru
Sif Muna
Trog
Uskayaw
Vehumet
Wu Jian
Xom
Yredelemnul
Zin
The Shining One
Beogh
Jiyva
Lugonu

Shops:
D [


Innate Abilities, Weirdness & Mutations

You have sharp fingernails.
You have a moderately thin skeletal structure. (Dex +4, Stealth+)
You sometimes gain a little power by taking damage.
You are mostly covered in sharp spines.
Armour fits poorly on your strangely shaped body.
You are resistant to hostile enchantments. (MR+)
Your system is resistant to poisons. (rPois)


Message History

l - a potion of flight;
m - a scroll labeled VYUMEA BAEGGUY It was a potion of mutation.
You feel extremely strange.
You feel resistant to hostile enchantments.
Your body twists and deforms.
You feel resistant to poisons.
Unknown command.
You completely miss the bone dragon.
The bone dragon is almost destroyed.
You hit the bone dragon but do no damage.
The bone dragon is almost destroyed.
The bone dragon closely misses you. The bone dragon completely misses you.
The bone dragon tramples you!
* * * LOW HITPOINT WARNING * * *
You hold your ground!
You take 7 damage, and have 2/105 hp.
Unknown command.
You hit the bone dragon but do no damage.
The bone dragon is almost destroyed.
The bone dragon misses you. The bone dragon claws you!
You die...

...).#.#..#..†...#
.#.#)).#..#......#
..#..#.#..#...^^^#
)....###########'#
###### #.# #.#
+#+#+#+#'#
^..^.....#
..^.^^^D@#
+#+#+#+#'# #.# ▓▓▓


You could see a bone dragon.

Vanquished Creatures
  Dowan (D)
  A yaktaur captain (D)
  A fire dragon (D)
  Erolcha (D)
  2 centaur warriors (D)
  4 dancing weapons (D)
  A deep elf knight (D)
  An obsidian statue (D)
  An orc sorcerer (D)
  5 deep elf magi (D)
  2 ugly things (D)
  A rime drake (D)
  Duvessa (D)
  2 spiny frogs (D)
  A yaktaur (shapeshifter) (D)
  A komodo dragon (D)
  4 spriggan defenders (D)
  2 tyrant leeches (D)
  4 orc high priests (D)
  5 blink frogs (D)
  3 slime creatures (D)
  3 wandering mushrooms (D)
  3 redbacks (D)
  A shadow (D)
  A redback (shapeshifter) (D)
  A spatial vortex (D)
  2 orc warriors (D)
  A swamp drake (D)
  A swamp drake (shapeshifter) (D)
  A necrophage (D)
  5 two-headed ogres (D)
  A crocodile (shapeshifter) (D)
  A water elemental (D)
  A jelly (D)
  4 orc wizards (D)
  3 orc priests (D)
  A wizard (D)
  Crazy Yiuf (D)
  Jessica (D)
  A necromancer (D)
  3 humans (D)
  A kobold demonologist (D)
  7 orcs (D)
  3 rats (D)
  A plant (D)
92 creatures vanquished.

Vanquished Creatures (others)
  2 draconian scorchers (D)
  6 hellions (D)
  3 yaktaurs (D)
  An orc priest (D)
  A bush (D)
  3 plants (D)
16 creatures vanquished.

Grand Total: 108 creatures vanquished

Notes
Turn   | Place    | Note
-------+----------+-------------------------------------------
     0 | D        | Redear the Demonspawn Fighter began the quest for the Orb.
     0 | D        | Reached XP level 1. HP: 18/18 MP: 1/1
    11 | D        | Reached skill level 2 in Unarmed Combat
    17 | D        | Noticed Jessica
    38 | D        | Killed Jessica
    38 | D        | Reached skill level 4 in Fighting
    38 | D        | Reached skill level 2 in Dodging
    38 | D        | Reached skill level 3 in Shields
    38 | D        | Reached skill level 3 in Unarmed Combat
    38 | D        | Gained mutation: You have sharp fingernails. [demonic
                  | ancestry]
    38 | D        | Reached XP level 2. HP: 8/25 MP: 2/2
    83 | D        | Killed a yaktaur
    92 | D        | Killed a hellion
    92 | D        | Killed a hellion
    93 | D        | Killed a hellion
    93 | D        | Killed a hellion
    94 | D        | Killed a hellion
   123 | D        | Killed a hellion
   188 | D        | Killed a white draconian scorcher
   192 | D        | Killed a white draconian scorcher
   249 | D        | Noticed Crazy Yiuf
   262 | D        | Killed Crazy Yiuf
   262 | D        | Reached skill level 3 in Dodging
   262 | D        | Reached skill level 4 in Shields
   262 | D        | Reached XP level 3. HP: 18/31 MP: 3/3
   378 | D        | Reached skill level 5 in Fighting
   378 | D        | Reached skill level 4 in Unarmed Combat
   378 | D        | Gained mutation: You are partially covered in sharp spines.
                  | [demonic ancestry]
   378 | D        | Reached XP level 4. HP: 11/39 MP: 4/4
   573 | D        | Noticed a water elemental
   578 | D        | Killed a water elemental
   578 | D        | Reached skill level 4 in Dodging
   578 | D        | Reached skill level 5 in Shields
   619 | D        | Found a glowing silver altar of Zin.
   620 | D        | Found a glowing golden altar of the Shining One.
   620 | D        | Found a white marble altar of Elyvilon.
   620 | D        | Noticed a deep elf mage
   632 | D        | Killed a deep elf mage
   632 | D        | Reached skill level 8 in Fighting
   632 | D        | Reached skill level 6 in Dodging
   632 | D        | Reached skill level 7 in Shields
   632 | D        | Reached skill level 7 in Unarmed Combat
   632 | D        | Gained mutation: You have a somewhat thin skeletal
                  | structure. (Dex +2, Stealth) [demonic ancestry]
   632 | D        | Reached XP level 5. HP: 37/49 MP: 5/5
   632 | D        | Gained mutation: You are mostly covered in sharp spines.
                  | [demonic ancestry]
   632 | D        | Reached XP level 6. HP: 43/56 MP: 6/6
   632 | D        | Gained mutation: You sometimes gain a little power by
                  | taking damage. [demonic ancestry]
   632 | D        | Reached XP level 7. HP: 47/62 MP: 7/7
   636 | D        | Found a hide-covered altar of Uskayaw.
   636 | D        | Found a roughly hewn altar of Beogh.
   636 | D        | Found an iron altar of Okawaru.
   636 | D        | Found a bloodstained altar of Trog.
   636 | D        | Found an ornate altar of the Wu Jian Council.
   636 | D        | Noticed a human
   636 | D        | Noticed a human
   642 | D        | Killed a human
   642 | D        | Reached skill level 7 in Dodging
   642 | D        | Reached skill level 8 in Shields
   651 | D        | Killed a human
   651 | D        | Reached skill level 9 in Fighting
   651 | D        | Reached skill level 8 in Unarmed Combat
   772 | D        | Found a basalt altar of Yredelemnul.
   772 | D        | Found a shadowy altar of Dithmenos.
   772 | D        | Found a sacrificial altar of Ru.
  1003 | D        | Found a radiant altar of Vehumet.
  1003 | D        | Found a deep blue altar of Sif Muna.
  1003 | D        | Found an ancient bone altar of Kikubaaqudgha.
  1019 | D        | Reached skill level 8 in Dodging
  1019 | D        | Reached XP level 8. HP: 66/71 MP: 8/8
  1066 | D        | Found a blossoming altar of Fedhas.
  1066 | D        | Found a stormy altar of Qazlal.
  1066 | D        | Found a snail-covered altar of Cheibriados.
  1066 | D        | Found a burning altar of Makhleb.
  1066 | D        | Found a shimmering altar of Xom.
  1067 | D        | Found a hazy altar of Hepliaklqana.
  1067 | D        | Found an opulent altar of Gozag.
  1067 | D        | Found a sparkling altar of Nemelex Xobeh.
  1067 | D        | Found a corrupted altar of Lugonu.
  1067 | D        | Found a viscous altar of Jiyva.
  1083 | D        | Reached skill level 9 in Shields
  1171 | D        | Became a worshipper of Cheibriados the Contemplative
  1302 | D        | Reached * piety under Cheibriados
  1302 | D        | Reached skill level 10 in Fighting
  1302 | D        | Reached skill level 9 in Unarmed Combat
  1438 | D        | Noticed a two-headed ogre
  1445 | D        | Killed a two-headed ogre
  1445 | D        | Reached ** piety under Cheibriados
  1445 | D        | Reached skill level 9 in Dodging
  1451 | D        | Noticed a two-headed ogre
  1451 | D        | Noticed Erolcha
  1461 | D        | Killed Erolcha
  1461 | D        | Reached skill level 4 in Armour
  1461 | D        | Reached skill level 10 in Shields
  1461 | D        | Reached skill level 4 in Invocations
  1461 | D        | Reached XP level 9. HP: 20/79 MP: 8/12
  1469 | D        | Killed a two-headed ogre
  1469 | D        | Reached skill level 11 in Fighting
  1469 | D        | Reached skill level 10 in Unarmed Combat
  1469 | D        | Reached skill level 5 in Invocations
  1497 | D        | Reached *** piety under Cheibriados
  1499 | D        | Reached skill level 10 in Dodging
  1525 | D        | HP: 8/81 [poisoned by a redback]
  1530 | D        | HP: 8/81 [poisoned by a redback]
  1538 | D        | HP: 7/81 [poisoned by a redback]
  1543 | D        | HP: 8/81 [poisoned by a redback]
  1548 | D        | HP: 8/81 [poisoned by a redback]
  1554 | D        | HP: 8/81 [poisoned by a redback]
  1873 | D        | Noticed a wandering mushroom
  1877 | D        | Noticed a wandering mushroom
  1879 | D        | Noticed a wandering mushroom
  1883 | D        | Reached **** piety under Cheibriados
  1897 | D        | Reached skill level 5 in Armour
  1897 | D        | Reached skill level 6 in Invocations
  2044 | D        | Noticed a spiny frog
  2044 | D        | Noticed a komodo dragon
  2044 | D        | Noticed a spiny frog
  2049 | D        | Killed a spiny frog
  2049 | D        | Reached ***** piety under Cheibriados
  2054 | D        | Killed a komodo dragon
  2054 | D        | Reached skill level 7 in Invocations
  2054 | D        | Gained mutation: You have a moderately thin skeletal
                  | structure. (Dex +4, Stealth+) [demonic ancestry]
  2054 | D        | Reached XP level 10. HP: 47/88 MP: 13/15
  2057 | D        | Killed a spiny frog
  2225 | D        | Reached skill level 6 in Armour
  2261 | D        | Reached ****** piety under Cheibriados
  2261 | D        | Reached skill level 11 in Shields
  2261 | D        | Reached skill level 8 in Invocations
  2265 | D        | Reached skill level 12 in Fighting
  2290 | D        | Reached skill level 11 in Unarmed Combat
  2328 | D        | Reached skill level 11 in Dodging
  2328 | D        | Reached skill level 9 in Invocations
  2584 | D        | Noticed Dowan
  2584 | D        | Noticed Duvessa
  2592 | D        | Killed Dowan
  2592 | D        | Reached skill level 7 in Armour
  2601 | D        | Killed Duvessa
  2601 | D        | Reached skill level 10 in Invocations
  2601 | D        | Reached XP level 11. HP: 32/96 MP: 16/18
  2854 | D        | Learned a level 2 spell: Blink
  2929 | D        | Found Voudogim's Antique Armour Boutique.
  2929 | D        | Noticed an orc high priest
  2930 | D        | Noticed an orc sorcerer
  2933 | D        | Killed an orc sorcerer
  2936 | D        | Reached skill level 8 in Armour
  2943 | D        | Killed an orc high priest
  2961 | D        | Reached skill level 12 in Shields
  2977 | D        | Reached skill level 11 in Invocations
  3045 | D        | Bought a pair of runed gloves for 180 gold pieces
  3045 | D        | Bought a faintly humming plate armour for 672 gold pieces
  3045 | D        | Bought the +10 large shield of Ignorance {rN+ Int-4} for
                  | 1375 gold pieces
  3045 | D        | Found the +10 large shield of Ignorance {rN+ Int-4}
  3055 | D        | Identified the +8 plate armour of Gozag's Favour {rPois rF-
                  | MR++} (You bought it in a shop in the Dungeon)
  3074 | D        | Noticed a deep elf mage
  3074 | D        | Noticed a deep elf knight
  3074 | D        | Noticed a deep elf mage
  3074 | D        | Noticed a deep elf mage
  3074 | D        | Noticed a deep elf mage
  3084 | D        | Killed a deep elf mage
  3084 | D        | Reached skill level 13 in Fighting
  3084 | D        | Reached skill level 12 in Unarmed Combat
  3094 | D        | Killed a deep elf knight
  3094 | D        | Reached skill level 12 in Dodging
  3098 | D        | Killed a deep elf mage
  3101 | D        | Killed a deep elf mage
  3107 | D        | Killed a deep elf mage
  3107 | D        | Reached skill level 9 in Armour
  3226 | D        | Noticed an obsidian statue
  3238 | D        | Killed an obsidian statue
  3238 | D        | Reached skill level 12 in Invocations
  3320 | D        | Got a pitted leather armour
  3331 | D        | Identified the cursed +1 leather armour of the Trees {-Tele
                  | Str+4} (You found it in the Dungeon)
  3337 | D        | Noticed a centaur warrior
  3337 | D        | Noticed a two-headed ogre
  3339 | D        | Killed a centaur warrior
  3343 | D        | Noticed a sea snake
  3343 | D        | a merfolk changed into a sea snake
  3345 | D        | Noticed a death drake
  3345 | D        | a two-headed ogre changed into a death drake
  3350 | D        | a death drake changed into a wind drake
  3370 | D        | Noticed a centaur warrior
  3376 | D        | Killed a centaur warrior
  3383 | D        | Learned a level 3 spell: Conjure Flame
  3387 | D        | Learned a level 3 spell: Mephitic Cloud
  3391 | D        | Noticed a fire dragon
  3404 | D        | Reached skill level 13 in Invocations
  3416 | D        | Killed a fire dragon
  3416 | D        | Reached skill level 10 in Armour
  3416 | D        | Reached skill level 13 in Shields
  3416 | D        | Reached XP level 12. HP: 22/105 MP: 21/21
  3722 | D        | Noticed a yaktaur captain
  3735 | D        | Reached skill level 13 in Unarmed Combat
  3747 | D        | Reached skill level 13 in Dodging
  3778 | D        | Killed a yaktaur captain
  4082 | D        | Reached skill level 14 in Invocations
  4285 | D        | Noticed a bone dragon
  4303 | D        | HP: 9/105 [bone dragon (24)]
  4305 | D        | Gained mutation: You are resistant to hostile enchantments.
                  | (MR+) [potion of mutation]
  4305 | D        | Gained mutation: Armour fits poorly on your strangely
                  | shaped body. [potion of mutation]
  4305 | D        | Gained mutation: Your system is resistant to poisons.
                  | (rPois) [potion of mutation]
  4307 | D        | HP: 2/105 [bone dragon (8)]
  4308 | D        | Slain by a bone dragon

Levels and vault maps discovered:
D:        dungeon_sprint_mu [sprint_mu_entry_forest, sprint_mu_temple_rooms,
          sprint_mu_d1_spiders, sprint_mu_d2_genie, sprint_mu_d3_branching,
          sprint_mu_orc_legion, sprint_mu_elf_gauntlet, sprint_mu_hive_nellie,
          sprint_mu_lair_fedhas, sprint_mu_vaults_butterflies,
          sprint_mu_slime_circle, sprint_mu_shoals_archi,
          sprint_mu_snake_twists, sprint_mu_blade_basic,
          sprint_mu_crypt_chambers, sprint_mu_tomb_spiral,
          sprint_mu_vestibule_basic, sprint_mu_gehenna_hellfire,
          sprint_mu_dis_giant, sprint_mu_tartarus_statrot,
          sprint_mu_cocytus_islands, sprint_mu_zot1]

Skill      XL: |  1  2  3  4  5  6  7  8  9 10 11 12 |
---------------+-------------------------------------+-----
Unarmed Combat | 3 4 7 8 9 10 11 12 13 | 13.7
Fighting       | 4 5 8 9 10 11 12 13 | 13.0
Dodging        | 2 3 6 8 9 10 11 12 13 | 13.6
Shields        | 3 4 7 8 10 11 13 | 13.8
Armour         | 4 5 7 10 | 10.0
Invocations    | 4 7 10 13 14 | 14.7

Action                   |  1- 3 |  4- 6 |  7- 9 | 10-12 || total
-------------------------+-------+-------+-------+-------++-------
Melee: Unarmed           |    62 |    14 |   129 |   312 ||   517
Invok: Slouch            |       |       |       |     6 ||     6
       Temporal Distorti |       |       |       |     1 ||     1
  Use: Potion            |       |     1 |     2 |     3 ||     6
 Stab: Sleeping          |       |       |       |     2 ||     2
       Distracted        |       |       |       |     1 ||     1
  Eat: Chunk             |       |       |     2 |     3 ||     5
Armor: Scale mail        |    20 |     1 |     5 |     3 ||    29
       Leather armour    |       |       |       |     7 ||     7
       Plate armour      |       |       |       |     1 ||     1
Dodge: Dodged            |    17 |     2 |    43 |   134 ||   196
Block: Shield            |    30 |     3 |    54 |   160 ||   247

Table legend:
 A = Non-vault XP
 B = Vault XP
 C = Vault XP percentage of total XP
 D = Non-vault monster count
 E = Vault monster count
 F = Vault count percentage of total count
                 A         B        C        D         E       F
            +---------+---------+-------+---------+---------+-------
      Total |     274 |   29003 |  99.1 |       1 |      90 |  98.9
            +---------+---------+-------+---------+---------+-------
          D |     274 |   29003 |  99.1 |       1 |      90 |  98.9
            +---------+---------+-------+---------+---------+-------
